AoeStats
← Shredded_Pork

Arena

507705894Analyzed
4v4 RM · 12d ago on Sep 19, 2026· 37m 2s· 8 players
Game mode
Random Map
Map size
Large (8 player)
Population
200
Speed
Normal
Resources
Standard
Victory
Conquest
Starting age
Dark Age
Ending age
Imperial Age
RankedLock teamsTeams togetherTeam positionsShared explorationLock speedFull tech treeHidden civsTurbo modeCheats
Victory
Defeat
🇧🇪 Mongols · Belgium
795
+17
🇩🇪 Malay · Germany
794
+17
🇨🇳 Bohemians · China
727
+20
🇨🇳 Franks · China
724
+20
🇵🇱 Teutons · Poland
856
-20
🇦🇷 Khmer · Argentina
831
-19
🇵🇱 Turks · Poland
814
-18
🇺🇸 Chinese · United States
780
-17
观月
0:40 Loom
12:21 Feudal Age
18:30 Castle Age
16:22 Double-Bit Axe
18:52 Scale Barding Armor
34:55 Imperial Age
33:06 Forging
33:58 Wheelbarrow
34:57 Hand Cart
35:50 Cavalier
Blitzkrieg BOB
11:11 Feudal Age
11:39 Double-Bit Axe
11:43 Horse Collar
16:36 Wheelbarrow
16:04 Gold Mining
16:18 Stone Mining
17:51 Stone Mining
20:47 Castle Age
20:03 Forging
19:59 Scale Barding Armor
19:45 Fletching
21:37 Bloodlines
21:55 Bodkin Arrow
22:35 Iron Casting
22:22 Chain Barding Armor
30:46 Gold Shaft Mining
nosound
0:30 Loom
10:26 Feudal Age
10:04 Double-Bit Axe
10:31 Town Watch
11:42 Gold Mining
11:51 Horse Collar
13:12 Stone Mining
17:11 Wheelbarrow
21:47 Castle Age
20:34 Forging
21:27 Scale Barding Armor
21:26 Heavy Plow
21:49 Bow Saw
23:50 Hand Cart
29:32 Iron Casting
31:21 Pikeman
32:48 Thalassocracy
33:33 Town Patrol
34:02 Squires
33:48 Arson
36:27 Arson
Shredded_Pork
10:48 Feudal Age
11:27 Horse Collar
11:35 Double-Bit Axe
20:19 Castle Age
22:07 Bow Saw
23:00 Heavy Plow
31:31 Imperial Age
31:03 Wheelbarrow
31:12 Scale Mail Armor
31:22 Forging
31:03 Fletching
31:13 Padded Archer Armor
32:15 Chemistry
31:36 Ballistics
31:33 Wagenburg Tactics
30:53 Elite Skirmisher
32:12 Hand Cart
33:12 Two-Man Saw
33:02 Conscription
33:20 Bodkin Arrow
AzureMan
0:37 Loom
10:08 Feudal Age
11:24 Wheelbarrow
10:40 Double-Bit Axe
18:01 Castle Age
16:13 Horse Collar
18:57 Hand Cart
18:56 Bow Saw
18:49 Heavy Plow
19:37 Town Watch
21:04 Stone Mining
23:01 Gold Mining
24:19 Stone Shaft Mining
24:23 Fletching
25:28 Gold Shaft Mining
jasper
0:31 Loom
10:53 Feudal Age
11:19 Double-Bit Axe
11:17 Horse Collar
14:08 Wheelbarrow
20:12 Castle Age
21:09 Bow Saw
21:00 Heavy Plow
21:22 Bloodlines
22:17 Scale Barding Armor
24:21 Hand Cart
25:30 Gold Mining
25:32 Stone Mining
25:13 Pikeman
25:54 Squires
27:03 Forging
27:14 Chain Barding Armor
32:31 Scale Mail Armor
33:34 Chain Mail Armor
33:58 Iron Casting
33:16 Fletching
34:52 Ironclad
35:18 Ironclad
39:51 Imperial Age
| XG | GAMBA. BIG YAHU
11:21 Feudal Age
11:52 Double-Bit Axe
13:37 Wheelbarrow
19:17 Castle Age
23:33 Hand Cart
27:22 Loom
27:45 Fletching
29:41 Thumb Ring
31:42 Sipahi
31:25 Padded Archer Armor
33:13 Bow Saw
33:42 Bodkin Arrow
JUSTICIA
10:53 Feudal Age
18:13 Castle Age
16:25 Double-Bit Axe
19:22 Crossbowman
26:17 Padded Archer Armor
30:32 Stone Mining
31:24 Bow Saw
31:28 Horse Collar
32:26 Light Cavalry
33:06 Husbandry
38:04 Imperial Age
35:54 Fletching
Connection lost

Rejoining the realm…

Still unreachable

The connection could not be restored.

Session expired

The server has moved on; the page needs a fresh start.